 Dungeon Crawl Stone Soup version 0.31-a0-240-gb923e448b6 (webtiles) character file.

Game seed: 3743915909939254056

209 qw the Shooter (level 5, -3/45 HPs)
             Began as a Minotaur Hexslinger on July 11, 2023.
             Slain by an iguana (7 damage)
             ... on level 4 of the Dungeon.
             The game lasted 00:01:17 (3135 turns).

qw the Shooter (Minotaur Hexslinger)                Turns: 3135, Time: 00:01:17

Health: -3/45      AC:  4    Str: 13    XL:     5   Next: 55%
Magic:  5/5        EV: 12    Int: 10    God:
Gold:   146        SH:  0    Dex: 14    Spells: 5/6 levels left

rFire   . . .        a - +3 sling (freeze)
rCold   . . .        (no shield)
rNeg    . . .        g - +0 leather armour
rPois   .            (helmet restricted)
rElec   .            i - +0 cloak
rCorr   .            (no gloves)
SInv    .            (no boots)
Will    .....        (no amulet)
Stlth   +            (no ring)
HPRegen 0.27/turn    (no ring)
MPRegen 0.09/turn

%: no passive effects
@: no status effects
A: horns 2, retaliatory headbutt
a: no special abilities


You were on level 4 of the Dungeon.
You visited 1 branch of the dungeon, and saw 4 of its levels.

You collected 281 gold pieces.
You spent 135 gold pieces at shops.


Innate Abilities, Weirdness & Mutations

You have a pair of horns on your head.
You reflexively headbutt those who attack you in melee.


   Skills:
 - Level 3.1 Fighting
 + Level 5.8 Ranged Weapons
 - Level 2.1 Dodging
 - Level 1.0 Spellcasting
 - Level 2.0 Hexes


You had 5 spell levels left.
You knew the following spells:

 Your Spells              Type           Power      Damage    Failure   Level
a - Slow                  Hex            16%        N/A       19%         1

Your spell library contained the following spells:

 Spells                   Type           Power      Damage    Failure   Level
 Inner Flame              Hex/Fire       2%         N/A       65%         3
 Portal Projectile        Hex/Tloc       4%         N/A       65%         3
 Cause Fear               Hex            2%         N/A       88%         4

Inventory:

Hand Weapons
 a - a +3 sling of freezing (weapon)
Armour
 g - a +0 leather armour (worn)
 i - a +0 cloak (worn)
Scrolls
 m - a scroll of identify
Potions
 b - a potion of curing
 j - a potion of might
 k - a potion of enlightenment {unknown}

Dungeon Overview and Level Annotations

Branches:
Dungeon (4/15)
 Temple: D:4-7

Altars:

Shops:
D:2 ?

Annotations:
D:4 Eustachio


Message History

The sling bullet hits Eustachio but does no damage.
Eustachio is moderately wounded.
Eustachio mumbles some strange words.
Eustachio blinks!
Eustachio barely misses you.
An iguana comes into view.
You shoot a sling bullet. The sling bullet misses the quokka.
The quokka bites you.
Eustachio hits you with a +3 falchion of protection.
You shoot a sling bullet.
The sling bullet barely misses the quokka.
The quokka misses you. You furiously retaliate!
You headbutt the quokka.
Eustachio hits you with a +3 falchion of protection.
You shoot a sling bullet.
The sling bullet hits the quokka but does no damage.
The quokka is severely wounded.
The quokka bites you.
Eustachio hits you with a +3 falchion of protection.
The quokka closely misses you. You furiously retaliate!
You headbutt the quokka!
You kill the quokka!
The quokka's corpse disappears in a puff of smoke!
You shoot a sling bullet. The sling bullet misses Eustachio.
Eustachio hits you with a +3 falchion of protection.
You shoot a sling bullet. The sling bullet hits Eustachio!
The sling bullet freezes Eustachio.
Eustachio is heavily wounded.
Eustachio hits you with a +3 falchion of protection!
You shoot a sling bullet.
The sling bullet hits Eustachio but does no damage.
Eustachio is heavily wounded.
Eustachio hits you with a +3 falchion of protection.
The iguana completely misses you.
You shoot a sling bullet.
The sling bullet barely misses Eustachio.
Eustachio misses you. The iguana bites you!
You shoot a sling bullet. The sling bullet hits Eustachio.
The sling bullet freezes Eustachio.
Eustachio is severely wounded.
Eustachio hits you with a +3 falchion of protection.
The iguana bites you!
You die...

.......... ..#.###
#........ #.....
#........ #...# #.....#
#...# #.....######...#
###.....##.......#
...........###..#########
...............@l........
.######.........@...#####
.# #####......#### .#
#....### .# ........ .#
###....... .# .........
.# ###.. ..


You could see Eustachio and an iguana.

Vanquished Creatures
  2 iguanas (D:4)
  Robin (D:3)
  3 gnolls (D:2)
  3 adders
  An ufetubus (D:4)
  A worm (D:2)
  3 dart slugs
  5 endoplasms
  3 giant cockroaches
  11 hobgoblins
  A jackal (D:4)
  3 quokkas
  8 ball pythons
  5 bats
  11 goblins
  6 kobolds
  7 rats
74 creatures vanquished.

Notes
Turn   | Place    | Note
-------+----------+-------------------------------------------
     0 | D:1      | qw the Minotaur Hexslinger began the quest for the Orb.
     0 | D:1      | Reached XP level 1. HP: 16/16 MP: 1/1
     0 | D:1      | 0 ||| qw: Version: 0.3-a-52-g30416fa
     0 | D:1      | 0 ||| qw: Game counter: 6099
     0 | D:1      | 0 ||| qw: Melee chars always use a shield: true
     0 | D:1      | 0 ||| qw: God list: Okawaru
     0 | D:1      | 0 ||| qw: Allow faded altars: false
     0 | D:1      | 0 ||| qw: Do Orc after clearing Dungeon:15 true
     0 | D:1      | 0 ||| qw: Do second Lair branch before Depths: true
     0 | D:1      | 0 ||| qw: Lair rune preference: random
     0 | D:1      | 0 ||| qw: Goals: Normal
     0 | D:1      | 0 ||| PLANNING D:1-11
   128 | D:1      | Reached skill level 3 in Ranged Weapons
   142 | D:1      | Reached XP level 2. HP: 23/23 MP: 2/2
   279 | D:1      | 279 ||| FLEEEEING.
   280 | D:1      | 280 ||| FLEEEEING.
   356 | D:1      | HP: 4/24 [hobgoblin (4)]
   508 | D:1      | Found a faded altar of an unknown god.
   616 | D:1      | 616 ||| UPGRADING to +0 cloak.
   621 | D:1      | 621 ||| READING 5 scrolls labelled BALALIOBOUM.
   622 | D:1      | 622 ||| READING 3 scrolls labelled CIF CEYFERAG.
   626 | D:1      | 626 ||| DRINKING 2 brown potions.
   627 | D:1      | 627 ||| DROPPING 4 scrolls of noise.
   628 | D:1      | 628 ||| DROPPING scroll of poison.
   639 | D:2      | Reached XP level 3. HP: 29/29 MP: 3/3
   644 | D:2      | 644 ||| STAIRDANCE
   664 | D:2      | 664 ||| STAIRDANCE
   680 | D:2      | 680 ||| STAIRDANCE
   695 | D:2      | 695 ||| STAIRDANCE
   766 | D:2      | Reached skill level 4 in Ranged Weapons
   941 | D:2      | HP: 7/29 [gnoll/+0 club (6)]
   942 | D:2      | 942 ||| READING 2 scrolls of teleportation.
   947 | D:2      | 947 ||| READING scroll of teleportation.
  1103 | D:2      | Reached XP level 4. HP: 36/36 MP: 4/4
  1441 | D:2      | Found Tyenufur's Magic Scroll Shop.
  1449 | D:2      | 1449 ||| BUYING scroll of enchant weapon (75 gold).
  1449 | D:2      | Bought a scroll of enchant weapon for 75 gold pieces
  1449 | D:2      | 1449 ||| BUYING scroll of identify (20 gold).
  1449 | D:2      | Bought a scroll of identify for 20 gold pieces
  1449 | D:2      | 1449 ||| BUYING scroll of identify (20 gold).
  1449 | D:2      | Bought a scroll of identify for 20 gold pieces
  1449 | D:2      | 1449 ||| BUYING scroll of identify (20 gold).
  1449 | D:2      | Bought a scroll of identify for 20 gold pieces
  1449 | D:2      | 1449 ||| SHOPLISTING scroll of teleportation (30 gold, have
                  | 0).
  1449 | D:2      | 1449 ||| READING scroll of enchant weapon.
  1449 | D:2      | 1449 ||| ENCHANTING +1 sling.
  1573 | D:2      | Reached skill level 5 in Ranged Weapons
  1669 | D:2      | 1669 ||| UPGRADING to +0 leather armour.
  1679 | D:2      | 1679 ||| DROPPING +0 robe.
  1680 | D:2      | 1680 ||| READING scroll labelled AFFUEQ PUPS.
  1681 | D:2      | 1681 ||| READING 3 scrolls labelled EDDAC TUXAFF.
  1782 | D:2      | 1782 ||| READING scroll labelled WETAMI XAROI.
  1783 | D:2      | 1783 ||| READING 3 scrolls of identify.
  1783 | D:2      | 1783 ||| IDENTIFYING green potion
  1784 | D:2      | 1784 ||| READING 2 scrolls of identify.
  1784 | D:2      | 1784 ||| IDENTIFYING glowing pink potion
  1785 | D:2      | 1785 ||| DROPPING potion of brilliance.
  1786 | D:2      | 1786 ||| DROPPING 2 scrolls of silence.
  2246 | D:3      | Identified the +2 helmet "Gocoaxt" {rPois Dex+4}
  2246 | D:3      | Noticed Robin
  2264 | D:3      | Killed Robin
  2265 | D:3      | 2265 ||| FLEEEEING.
  2266 | D:3      | 2266 ||| FLEEEEING.
  2267 | D:3      | 2267 ||| FLEEEEING.
  2268 | D:3      | 2268 ||| FLEEEEING.
  2269 | D:3      | 2269 ||| FLEEEEING.
  2270 | D:3      | 2270 ||| FLEEEEING.
  2271 | D:3      | 2271 ||| FLEEEEING.
  2272 | D:3      | 2272 ||| FLEEEEING.
  2273 | D:3      | 2273 ||| FLEEEEING.
  2275 | D:3      | 2275 ||| FLEEEEING.
  2276 | D:3      | 2276 ||| FLEEEEING.
  2277 | D:3      | 2277 ||| FLEEEEING.
  2278 | D:3      | 2278 ||| FLEEEEING.
  2279 | D:3      | 2279 ||| FLEEEEING.
  2280 | D:3      | 2280 ||| FLEEEEING.
  2281 | D:3      | 2281 ||| FLEEEEING.
  2282 | D:3      | 2282 ||| FLEEEEING.
  2283 | D:3      | 2283 ||| FLEEEEING.
  2284 | D:3      | 2284 ||| FLEEEEING.
  2285 | D:3      | 2285 ||| FLEEEEING.
  2286 | D:3      | 2286 ||| FLEEEEING.
  2287 | D:3      | 2287 ||| FLEEEEING.
  2288 | D:3      | 2288 ||| FLEEEEING.
  2289 | D:3      | 2289 ||| FLEEEEING.
  2290 | D:3      | 2290 ||| FLEEEEING.
  2291 | D:3      | 2291 ||| FLEEEEING.
  2292 | D:3      | 2292 ||| FLEEEEING.
  2293 | D:3      | 2293 ||| FLEEEEING.
  2294 | D:3      | 2294 ||| FLEEEEING.
  2295 | D:3      | 2295 ||| FLEEEEING.
  2296 | D:3      | 2296 ||| FLEEEEING.
  2297 | D:3      | 2297 ||| STAIRDANCE
  2348 | D:2      | 2348 ||| READING 2 scrolls labelled VOJAUC ICEAMI.
  2349 | D:2      | 2349 ||| DRINKING 2 fuming ruby potions.
  2381 | D:2      | 2381 ||| READING 2 scrolls of identify.
  2381 | D:2      | 2381 ||| IDENTIFYING golden potion
  2382 | D:2      | 2382 ||| DROPPING scroll of immolation.
  2383 | D:2      | 2383 ||| DROPPING potion of lignification.
  2384 | D:2      | 2384 ||| DROPPING potion of ambrosia.
  2459 | D:3      | Reached skill level 3 in Fighting
  2459 | D:3      | Reached XP level 5. HP: 45/45 MP: 5/5
  2523 | D:3      | 2523 ||| FLEEEEING.
  2524 | D:3      | 2524 ||| FLEEEEING.
  2525 | D:3      | 2525 ||| FLEEEEING.
  2526 | D:3      | 2526 ||| FLEEEEING.
  2527 | D:3      | 2527 ||| FLEEEEING.
  2528 | D:3      | 2528 ||| FLEEEEING.
  2529 | D:3      | 2529 ||| FLEEEEING.
  2530 | D:3      | 2530 ||| FLEEEEING.
  2539 | D:3      | 2539 ||| FLEEEEING.
  2540 | D:3      | 2540 ||| FLEEEEING.
  2545 | D:3      | 2545 ||| FLEEEEING.
  2546 | D:3      | 2546 ||| FLEEEEING.
  2547 | D:3      | 2547 ||| FLEEEEING.
  2548 | D:3      | 2548 ||| FLEEEEING.
  2549 | D:3      | 2549 ||| FLEEEEING.
  2572 | D:3      | 2572 ||| SWAPPING to +2 sling of freezing.
  2573 | D:3      | 2573 ||| DROPPING +2 sling.
  2733 | D:4      | 2733 ||| READING scroll of enchant weapon.
  2733 | D:4      | 2733 ||| ENCHANTING +2 sling of freezing.
  2860 | D:4      | Noticed Eustachio
  2874 | D:4      | HP: 11/45 [shadow imp[Eustachio] (2)]
  2875 | D:4      | 2875 ||| READING scroll of teleportation.
  2877 | D:4      | HP: 1/45 [Eustachio/+3 falchion of protection (6)]
  3134 | D:4      | HP: 9/45 [iguana (9)]
  3135 | D:4      | HP: 4/45 [Eustachio/+3 falchion of protection (5)]
  3135 | D:4      | Slain by an iguana

Levels and vault maps discovered:
D:1:      minmay_arrival_plants_in_alcoves, layout_basic,
          hellmonk_ecumenical_altar_pennies_from_heaven
D:2:      layout_loops_ring, serial_shops, shop, chequers_serial_rivers_marsh
D:3:      layout_loops_ring, kennysheep_generic_room_16, uniq_robin
D:4:      layout_basic, minmay_misc_feat_chi, minmay_fractal_squares_5,
          uniq_eustachio

Skill      XL: |  1  2  3  4 |
---------------+-------------+-----
Ranged Weapons | 3 4 5 |  5.8
Fighting       | 2 3 |  3.1
Dodging        | |  2.1
Spellcasting   | |  1.0
Hexes          | |  2.0

Action                     |  1- 3 |  4- 6 || total
---------------------------+-------+-------++-------
   Fire: Sling             |   124 |   127 ||   251
    Use: Scroll            |     4 |    10 ||    14
         Potion            |     1 |     1 ||     2
 Armour: Robe              |    14 |       ||    14
         Leather armour    |       |    12 ||    12
  Dodge: Dodged            |    43 |    42 ||    85

Table legend:
 A = Non-vault XP
 B = Vault XP
 C = Vault XP percentage of total XP
 D = Non-vault monster count
 E = Vault monster count
 F = Vault count percentage of total count
                 A         B        C        D         E       F
            +---------+---------+-------+---------+---------+-------
      Total |     218 |      81 |  27.1 |      60 |      14 |  18.9
            +---------+---------+-------+---------+---------+-------
        D:1 |      42 |       0 |   0.0 |      25 |       0 |   0.0
        D:2 |     103 |       0 |   0.0 |      19 |       0 |   0.0
        D:3 |      31 |      29 |  48.3 |      12 |       8 |  40.0
        D:4 |      42 |      52 |  55.3 |       4 |       6 |  60.0
            +---------+---------+-------+---------+---------+-------
